 Dungeon Crawl Stone Soup version 0.15.2 (webtiles) character file.

65003 theanonym the Fencer (level 14, -10/101 (104) HPs)
             Began as a High Elf Death Knight on Dec 6, 2018.
             Was the Champion of Yredelemnul.
             Killed from afar by a fire dragon (25 damage)
             ... with a blast of flame
             ... on Level 6 of the Lair of Beasts.
             The game lasted 01:23:48 (31056 turns).

theanonym the Fencer (High Elf Death Knight)       Turns: 31056, Time: 01:23:48

HP -10/101 (104) AC 29     Str 13      XL: 14   Next: 73%
MP  29/29        EV  4     Int 16      God: Yredelemnul [******]
Gold 2286        SH 12     Dex 24      Spells:  2 memorised,  9 levels left

rFire  . . .     SeeInvis .     a - +2 scimitar (flame)
rCold  . . .     Clarity  .     z - +3 plate armour {rPois}
rNeg   . . .     rCorr    .     L - +0 shield {reflect} {Donald}
rPois  +         rRot     .     y - +2 helmet
rElec  .         Spirit   .     M - +1 cloak
SustAb .         Warding  .     (no gloves)
rMut   .         Stasis   +     j - +2 pair of boots
Gourm  .                        D - amulet of stasis
MR     +....                    H - +5 ring of dexterity
                                I - +2 ring of protection

@: somewhat resistant to hostile enchantments, extremely unstealthy
A: berserk 1
a: Animate Dead, Recall Undead Slaves, Injury Mirror, Drain Life, Enslave Soul,
Renounce Religion


Innate Abilities, Weirdness & Mutations

You tend to lose your temper in combat.


   Skills:
 + Level 12.7 Fighting
 - Level 16.0 Long Blades
 + Level 11.4 Armour
 - Level 1.1 Dodging
 + Level 10.9 Shields
 + Level 8.7 Invocations


You had 9 spell levels left.
You knew the following spells:

 Your Spells              Type           Power        Failure   Level  Hunger
a - Repel Missiles        Chrm/Air       #.....       100%        2    ###....
l - Blink                 Tloc           N/A          100%        2    ###....

Action                   |  1- 3 |  4- 6 |  7- 9 | 10-12 | 13-15 || total
-------------------------+-------+-------+-------+-------+-------++-------
Melee: Falchion          |   122 |   177 |   515 |  1224 |   455 ||  2493
       Scimitar          |       |       |       |       |   576 ||   576
Invok: Animate Remains   |    14 |    14 |       |       |       ||    28
       Animate Dead      |       |     5 |    23 |    95 |    69 ||   192
       Injury Mirror     |       |       |     1 |     1 |       ||     2
       Recall Undead Sla |       |       |     4 |    10 |     3 ||    17
       Drain Life        |       |       |       |    15 |    11 ||    26
       Stop Recall       |       |       |       |     2 |       ||     2
       Enslave Soul      |       |       |       |     1 |       ||     1
Evoke: Wand              |       |       |     3 |    24 |     6 ||    33
  Use: Scroll            |     2 |     6 |     8 |    15 |    10 ||    41
       Potion            |     1 |     1 |       |     8 |       ||    10
 Stab: Distracted        |       |       |       |    14 |    18 ||    32
       Paralysed         |       |       |       |     5 |       ||     5
       Confused          |       |       |       |       |     1 ||     1
  Eat: Chunk             |     2 |     6 |     3 |    14 |     3 ||    28
       Royal jelly       |     1 |       |       |     1 |       ||     2
       Pizza             |       |     2 |       |     2 |     4 ||     8
       Meat ration       |       |       |     3 |     6 |     5 ||    14
       Beef jerky        |       |       |     1 |     5 |       ||     6
       Bread ration      |       |       |       |       |     1 ||     1

Inventory:

Hand weapons
 a - a +2 scimitar of flaming (weapon)
   (You took it off Erica on level 13 of the Dungeon)
 b - a +3 falchion of electrocution
   (You took it off a goblin on level 2 of the Dungeon)
 m - a +2 scimitar of freezing
   (You took it off an orc warrior on level 4 of the Orcish Mines)
Missiles
 G - 4 throwing nets (quivered)
Armour
 j - a +2 pair of boots (worn)
   (You found it on level 4 of the Dungeon)
 y - a +2 helmet (worn)
   (You bought it in a shop on level 5 of the Dungeon)
 z - a +3 plate armour of poison resistance (worn)
   (You took it off an orc warrior on level 4 of the Orcish Mines)
 L - a +0 shield of reflection (worn) {Donald}
   (You took it off Donald on level 2 of the Orcish Mines)
 M - a +1 cloak (worn)
   (You took it off Maurice on level 13 of the Dungeon)
Magical devices
 d - a wand of paralysis (9)
   (You found it on level 13 of the Dungeon)
 p - a wand of flame (14)
   (You took it off Edmund on level 5 of the Dungeon)
 t - a wand of slowing (8)
   (You found it on level 5 of the Dungeon)
 w - a wand of digging (4)
   (You found it on level 6 of the Dungeon)
 S - a wand of enslavement (4)
   (You found it on level 11 of the Dungeon)
 U - a wand of cold (4)
   (You took it off Maurice on level 13 of the Dungeon)
 Y - a wand of slowing (12)
   (You found it on level 4 of the Lair of Beasts)
Comestibles
 c - 7 bread rations
 K - 10 royal jellies
Scrolls
 e - 2 scrolls of magic mapping
 g - a scroll of recharging
 h - 4 scrolls of fear
 i - 9 scrolls of remove curse
 n - 14 scrolls of teleportation {!r}
 r - a scroll of summoning
 s - 5 scrolls of immolation
 u - 2 scrolls of fog
 E - 7 scrolls of blinking
 V - 4 scrolls of identify
Jewellery
 f - an uncursed amulet of warding
   (You found it on level 1 of the Dungeon)
 k - an uncursed ring of see invisible
   (You found it on level 5 of the Dungeon)
 D - an amulet of stasis (around neck)
   (You bought it in a shop on level 4 of the Orcish Mines)
 F - an uncursed ring of poison resistance
   (You found it on level 9 of the Dungeon)
 H - a +5 ring of dexterity (right hand)
   (You found it on level 8 of the Dungeon)
 I - a +2 ring of protection (left hand)
   (You found it on level 8 of the Dungeon)
 N - an uncursed ring of flight
   (You took it off an orc on level 9 of the Dungeon)
Potions
 l - 3 potions of agility
 o - 2 potions of berserk rage
 q - a potion of lignification
 v - a potion of mutation
 x - 4 potions of invisibility
 B - 3 potions of magic
 C - 6 potions of curing
 O - a potion of heal wounds
 Q - 3 potions of restore abilities
 T - 4 potions of resistance
 W - a potion of porridge
 X - a potion of cancellation
 Z - a potion of might
Miscellaneous
 J - a legendary deck of changes {the Shadow}
   (You found it on level 4 of the Lair of Beasts)
 P - a plain deck of wonders {the Alchemist}
   (You found it on level 3 of the Lair of Beasts)
 R - a stone of tremors
   (You found it on level 11 of the Dungeon)


You were on level 6 of the Lair of Beasts.
You worshipped Yredelemnul.
Yredelemnul was exalted by your worship.
You were not hungry.

You visited 3 branches of the dungeon, and saw 24 of its levels.
You visited the Abyss 1 time.
You also visited: Ossuary and Volcano.

You collected 2713 gold pieces.
You spent 427 gold pieces at shops.

Dungeon Overview and Level Annotations

Branches:
Dungeon (14/15)            Temple (0/1) D:4             Orc (4/4) D:9
    Elf (0/3) Orc:3          Lair (6/8) D:10          Swamp (0/5) Lair:3
 Shoals (0/5) Lair:5       Spider (0/5) Lair:4        Slime (0/6) Lair:6
 Vaults (0/5) D:13

Altars:
Ashenzari
Cheibriados
Elyvilon
Fedhas
Kikubaaqudgha
Makhleb
Okawaru
Qazlal
Trog
Vehumet
The Shining One
Beogh

Shops:
D:5 [   Orc:4 (=[*

Annotations:
D:6 exclusion: moth of wrath

####
≈≈≈≈≈≈≈≈$
.#.######
#≈≈≈≈≈≈≈$$?
P..#....##
≈≈≈≈≈≈≈$$..#
.........#
≈≈§D≈≈≈...#
.........#
≈§§≈≈≈...##
.........#
#≈§§≈≈≈.≈≈#
.........#
#;..≈≈≈≈≈≈#
.........#
#Z....≈≈≈≈#
.........#
#Z.@...≈≈##
.........#
#........#
.........#
##.......#
.........#
#......##
.........#
#......#
.#.#.#..##
##V...##
#########
##..## #..#
#.##


You could see a fire dragon, an electric eel, a friendly vampire, a friendly
spiny frog zombie and a friendly blink frog zombie.

Notes
Turn   | Place    | Note
--------------------------------------------------------------
     0 | D:1      | theanonym, the High Elf Death Knight, began the quest for the Orb.
     0 | D:1      | Reached XP level 1. HP: 14/14 MP: 3/3
    15 | D:1      | Reached skill level 3 in Long Blades
    15 | D:1      | Reached XP level 2. HP: 14/19 MP: 4/4
   221 | D:1      | Found a snail-covered altar of Cheibriados.
   352 | D:1      | Reached skill level 4 in Long Blades
   704 | D:2      | Reached XP level 3. HP: 22/24 MP: 7/7
   734 | D:2      | Noticed Sigmund
   778 | D:2      | HP: 10/24 [something/magic dart (6)]
   801 | D:1      | HP: 5/24 [something (4)]
   802 | D:1      | HP: 2/24 [something/puff of flame (3)]
   809 | D:1      | HP: 2/24 [something (5)]
  1483 | D:2      | Found a shattered altar of Ashenzari.
  1529 | D:2      | Acquired Yredelemnul's second power
  1755 | D:2      | HP: 10/24 [goblin/uncursed falchion of electrocution (11)]
  2060 | D:2      | Noticed Ijyb
  2081 | D:2      | Killed Ijyb
  2081 | D:2      | Reached skill level 5 in Long Blades
  2081 | D:2      | Reached XP level 4. HP: 25/29 MP: 9/9
  2107 | D:2      | Noticed Terence
  2110 | D:2      | Killed Terence
  2267 | D:2      | Found a burning altar of Makhleb.
  2267 | D:2      | Found a white marble altar of Elyvilon.
  2268 | D:2      | Found an iron altar of Okawaru.
  2386 | D:3      | Noticed Grinder
  2397 | D:3      | Paralysed by Grinder for 4 turns
  2403 | D:3      | Killed Grinder
  2403 | D:3      | Reached skill level 7 in Long Blades
  2403 | D:3      | Reached skill level 2 in Shields
  2403 | D:3      | Reached XP level 5. HP: 21/34 MP: 11/11
  2403 | D:3      | Reached XP level 6. HP: 24/39 MP: 13/13
  2860 | D:3      | Noticed an ogre
  2883 | D:3      | Killed an ogre
  2883 | D:3      | Reached skill level 3 in Shields
  3170 | D:3      | Acquired Yredelemnul's third power
  3504 | D:4      | Found a sand-covered staircase.
  3585 | Ossuary  | Entered an ossuary
  3700 | Ossuary  | Reached XP level 7. HP: 45/45 MP: 16/16
  3978 | Ossuary  | Reached skill level 8 in Long Blades
  3983 | Ossuary  | Reached skill level 4 in Shields
  4092 | Ossuary  | HP: 22/45 [gnoll zombie (3)]
  4376 | Ossuary  | HP: 14/45 [mummy (15)]
  4594 | Ossuary  | HP: 22/45 [mummy (9)]
  5090 | D:4      | Reached skill level 5 in Shields
  5124 | D:4      | Reached skill level 9 in Long Blades
  5152 | D:4      | Noticed Dissent's ghost (average MiFi)
  5157 | D:4      | Killed Dissent's ghost
  5157 | D:4      | Reached XP level 8. HP: 30/50 MP: 17/17
  5274 | D:4      | Reached skill level 10 in Long Blades
  5784 | D:4      | Found a staircase to the Ecumenical Temple.
  5827 | D:5      | Entered Level 5 of the Dungeon
  5977 | D:5      | Received a gift from Yredelemnul
  6066 | D:5      | Reached skill level 11 in Long Blades
  6294 | D:5      | Found Odaesida's Antique Armour Shoppe.
  6307 | D:5      | Bought a runed helmet for 112 gold pieces
  6337 | D:5      | HP: 25/50 [sky beast (6)]
  6733 | D:6      | Reached skill level 12 in Long Blades
  6744 | D:6      | Acquired Yredelemnul's fourth power
  6938 | D:6      | Reached XP level 9. HP: 43/54 MP: 19/19
  7070 | D:6      | Received a gift from Yredelemnul
  7377 | D:1      | Killed Sigmund
  7524 | D:6      | Noticed Edmund
  7531 | D:5      | Reached skill level 13 in Long Blades
  7544 | D:5      | Killed Edmund
  7808 | D:6      | Found an ancient bone altar of Kikubaaqudgha.
  7809 | D:6      | Found a glowing golden altar of the Shining One.
  7812 | D:6      | Found a radiant altar of Vehumet.
  7893 | D:6      | Noticed a moth of wrath
  7895 | D:6      | Found a bloodstained altar of Trog.
  7908 | D:6      | Received a gift from Yredelemnul
  8220 | D:6      | Killed a moth of wrath
  8243 | D:6      | Reached skill level 14 in Long Blades
  8245 | D:6      | Received a gift from Yredelemnul
  8480 | D:7      | Noticed Joseph
  8501 | D:7      | Reached skill level 1 in Armour
  8507 | D:7      | Killed Joseph
  8507 | D:7      | Reached skill level 2 in Armour
  8680 | D:7      | Reached skill level 3 in Fighting
  8682 | D:7      | Reached skill level 4 in Invocations
  9078 | D:7      | Reached XP level 10. HP: 43/63 MP: 21/21
  9281 | D:7      | Noticed Duvessa
  9281 | D:7      | Noticed Dowan
  9290 | D:7      | Killed Duvessa
  9297 | D:7      | Killed Dowan
  9369 | D:7      | Reached skill level 3 in Armour
  9670 | D:7      | Received a gift from Yredelemnul
  9996 | D:7      | Reached skill level 4 in Fighting
 10124 | D:8      | Reached skill level 5 in Invocations
 10323 | D:8      | Found a blossoming altar of Fedhas.
 10535 | D:8      | Found a stormy altar of Qazlal.
 10723 | D:8      | Reached skill level 4 in Armour
 10807 | D:8      | Acquired Yredelemnul's fifth power
 10812 | D:8      | Reached skill level 5 in Fighting
 11152 | D:9      | HP: 32/66 [wyvern skeleton (2)]
 11153 | D:9      | Reached skill level 6 in Invocations
 11158 | D:9      | HP: 17/66 [wyvern skeleton (8)]
 11688 | D:9      | Reached skill level 5 in Armour
 11695 | D:9      | theanonym: ??rot
 11695 | D:9      | beem: rot[1/3]: A temporary condition much like poison but attacking max HP instead of current HP. The condition can be cured with a potion of curing. The damage, once done, can be fixed with curing or heal wounds, which remove rot before restoring HP, or with Ely's {purification}.
 11695 | D:9      | theanonym: ??rot[2
 11695 | D:9      | beem: rot[2/3]: Sources of rot: {necrophage} and {ghoul} melee attack; {necromancy miscast}s, which may come from {Zot trap}s, {hell effects}, or {mummy} curses; {miasma}, including {death drake} breath, unless you have {rotting resistance}. Player ghouls rot gradually over time.
 11695 | D:9      | theanonym: ??rot[3
 11695 | D:9      | beem: rot[3/3]: Ghouls can restore hit points by eating chunks. Mummies have to rely on wands of healing or their Self-Restoration ability (gained at level 13, costs 1 permanent MP).
 11732 | D:9      | Reached skill level 6 in Fighting
 11866 | D:9      | Found a staircase to the Orcish Mines.
 11886 | D:9      | Received a gift from Yredelemnul
 12164 | D:9      | Reached skill level 7 in Invocations
 12218 | D:9      | Reached XP level 11. HP: 71/71 MP: 25/25
 12359 | Orc:1    | Entered Level 1 of the Orcish Mines
 12370 | Orc:1    | Received a gift from Yredelemnul
 12444 | Orc:2    | Noticed Fannar
 12454 | Orc:2    | Killed Fannar
 12454 | Orc:2    | Enslaved Fannar
 12755 | Orc:2    | Received a gift from Yredelemnul
 13031 | Orc:2    | Found a roughly hewn altar of Beogh.
 13202 | Orc:2    | Received a gift from Yredelemnul
 13240 | Orc:2    | HP: 31/71 [orc priest/divine providence (12)]
 13246 | Orc:2    | HP: 26/71 [orc priest/divine providence (16)]
 13923 | Orc:1    | Received a gift from Yredelemnul
 14579 | Orc:3    | Noticed Donald
 14593 | Orc:2    | HP: 34/71 [Donald/broad axe of freezing (2)]
 14595 | Orc:2    | HP: 15/71 [Donald/broad axe of freezing (19)]
 14614 | Orc:2    | Killed Donald
 14614 | Orc:2    | Reached skill level 7 in Fighting
 14614 | Orc:2    | Reached skill level 6 in Armour
 14993 | Orc:2    | Cast into the Abyss (goblin)
 15065 | Abyss:1  | Noticed a large abomination
 15146 | Abyss:1  | HP: 34/72 [raiju/living lightning (23)]
 15159 | Abyss:1  | HP: 44/108 [raiju (2)]
 15170 | Abyss:1  | HP: 42/108 [raiju/living lightning (17)]
 15212 | Abyss:1  | HP: 30/73 [raiju (1)]
 15214 | Abyss:1  | HP: 13/73 [raiju (7)]
 15248 | Abyss:1  | Noticed a storm dragon simulacrum
 15281 | Abyss:1  | Noticed a starcursed mass
 15293 | Abyss:1  | HP: 16/74 [storm dragon simulacrum (28)]
 15301 | Abyss:1  | Noticed a starcursed mass
 15309 | Abyss:1  | HP: 8/74 [apocalypse crab/blast of chaos (12)]
 15316 | Abyss:1  | Paralysed by you for 4 turns
 15321 | Abyss:1  | HP: 30/74 [starcursed mass/accursed screaming (7)]
 15324 | Abyss:1  | Noticed a thrashing horror
 15329 | Abyss:1  | HP: 32/74 [raiju (7)]
 15336 | Abyss:1  | HP: 33/74 [worldbinder (1)]
 15343 | Abyss:1  | HP: 39/111 [raiju/living lightning (11)]
 15343 | Abyss:1  | Gained mutation: You tend to lose your temper in combat. [mutagenic glow]
 15349 | Abyss:1  | Reached skill level 8 in Fighting
 15351 | Abyss:1  | HP: 19/111 [raiju (2)]
 15377 | Orc:2    | Escaped the Abyss
 15379 | Orc:2    | HP: 7/74 [orc/trident (6)]
 16010 | Orc:3    | Found a staircase to the Elven Halls.
 16141 | Orc:3    | Reached skill level 6 in Shields
 16150 | Orc:3    | Reached skill level 7 in Armour
 16343 | Orc:2    | Received a gift from Yredelemnul
 16368 | Orc:4    | Entered Level 4 of the Orcish Mines
 16672 | Orc:4    | Noticed an orc high priest
 16676 | Orc:4    | Noticed a sun demon
 16677 | Orc:4    | Noticed an orc warlord
 16728 | Orc:3    | HP: 53/112 [orc warlord/great sword of flaming (22)]
 16732 | Orc:3    | Killed an orc warlord
 16972 | Orc:3    | Killed an orc high priest
 17026 | Orc:3    | HP: 36/75 [orc warrior/trident[an orc warlord] (16)]
 17028 | Orc:3    | Noticed an ice devil
 17030 | Orc:3    | Reached XP level 12. HP: 34/81 MP: 19/27
 17236 | Orc:4    | Reached skill level 9 in Fighting
 17242 | Orc:4    | Received a gift from Yredelemnul
 17419 | Orc:4    | Reached skill level 7 in Shields
 17419 | Orc:4    | HP: 41/82 [orc wizard/dagger (2)]
 17420 | Orc:4    | Reached skill level 8 in Armour
 17424 | Orc:4    | HP: 35/82 [orc warrior/halberd (22)]
 17579 | Orc:4    | Found a roughly hewn altar of Beogh.
 17646 | Orc:4    | Found Khar's Antique Weapon Boutique.
 17744 | Orc:4    | Found Xuury's Antique Armour Boutique.
 17750 | Orc:4    | Bought an embroidered cloak for 112 gold pieces
 17817 | Orc:4    | Found Jidu's Jewellery Boutique.
 17831 | Orc:4    | Bought an uncursed amulet of stasis for 175 gold pieces
 17997 | Orc:4    | Received a gift from Yredelemnul
 18120 | Orc:4    | Found Gofior's General Store.
 18209 | Orc:4    | Bought a scroll of identify for 28 gold pieces
 18343 | D:10     | Entered Level 10 of the Dungeon
 18472 | D:10     | theanonym: ??warding
 18472 | D:10     | beem: warding[1/1]: Confers protection from some fraction of melee and ranged attacks (depends on MR) by summoned creatures. Will not prevent them from using spells, items or abilities. Can be obtained by wielding a staff of summoning or wearing the eponymous amulet. The amulet also provides rN+. Removed in 0.18.
 18618 | D:10     | Found a staircase to the Lair.
 18807 | D:10     | Found a blossoming altar of Fedhas.
 19119 | D:10     | Received a gift from Yredelemnul
 19483 | D:11     | Found a stormy altar of Qazlal.
 19577 | D:11     | Reached skill level 8 in Shields
 19745 | D:11     | Reached skill level 10 in Fighting
 19795 | D:11     | HP: 31/84 [cyan ugly thing (16)]
 19918 | D:11     | HP: 42/84 [burnt (5)]
 20277 | D:11     | Received a gift from Yredelemnul
 20508 | D:12     | Noticed Harold
 20536 | D:12     | Killed Harold
 20536 | D:12     | Reached skill level 9 in Armour
 20826 | D:12     | Found an ancient bone altar of Kikubaaqudgha.
 20877 | D:12     | Noticed a six-headed hydra
 20884 | D:12     | Killed a ten-headed hydra
 21535 | D:13     | Noticed Sonja
 21540 | D:13     | Killed Sonja
 21653 | D:13     | Reached XP level 13. HP: 65/91 MP: 28/28
 21654 | D:13     | HP: 43/91 [hill giant/giant club (23)]
 21660 | D:13     | Reached skill level 9 in Shields
 21660 | D:13     | Received a gift from Yredelemnul
 21668 | D:13     | HP: 33/91 [slime creature (12)]
 21948 | D:13     | Reached skill level 11 in Fighting
 21954 | D:13     | Noticed Grum
 21963 | D:13     | Killed Grum
 21964 | D:13     | Received a gift from Yredelemnul
 22000 | D:13     | Your ally Sonja died
 22242 | D:13     | Found a gate to the Vaults.
 22242 | D:13     | Noticed a vault guard
 22242 | D:13     | Noticed a vault guard
 22242 | D:13     | Noticed a vault guard
 22246 | D:13     | Received a gift from Yredelemnul
 22254 | D:13     | Killed a vault guard
 22254 | D:13     | Reached skill level 10 in Armour
 22260 | D:13     | Killed a vault guard
 22261 | D:13     | Killed a vault guard
 22536 | D:13     | Noticed Maurice
 22556 | D:13     | HP: 38/92 [Maurice/wand of cold (14)]
 22558 | D:13     | Killed Maurice
 23271 | D:13     | Noticed Erica
 23284 | D:13     | Killed Erica
 23521 | D:13     | Learned a level 2 spell: Repel Missiles
 23672 | D:13     | Received a gift from Yredelemnul
 23945 | D:14     | Reached skill level 10 in Shields
 24348 | Lair:1   | Entered Level 1 of the Lair of Beasts
 24460 | Lair:1   | Found a dark tunnel.
 24469 | Volcano  | Entered a volcano
 24488 | Volcano  | Found a bloodstained altar of Trog.
 24865 | Volcano  | theanonym: ??claymore
 24865 | Volcano  | beem: triple sword[1/4]: (long blades; -4 acc / 17 dam / 1.9 base delay / 0.7 min delay; two handed). A magical weapon with three great razor-sharp blades. The largest long blade. Known as a {claymore} in 0.14/0.15.
 24948 | Lair:1   | Noticed Nergalle
 24961 | Lair:1   | Killed Nergalle
 24961 | Lair:1   | Reached skill level 15 in Long Blades
 25102 | Lair:1   | Received a gift from Yredelemnul
 25335 | Lair:1   | Received a gift from Yredelemnul
 25614 | Lair:2   | Reached XP level 14. HP: 99/99 MP: 27/28
 25796 | Lair:2   | Identified the Handbook of Torrid Combat Magic
 25828 | Lair:2   | Reached skill level 16 in Long Blades
 26050 | Lair:2   | Received a gift from Yredelemnul
 26451 | Lair:2   | Reached skill level 12 in Fighting
 26707 | Lair:3   | Received a gift from Yredelemnul
 26875 | Lair:3   | Found a staircase to the Swamp.
 26937 | Lair:3   | Received a gift from Yredelemnul
 27022 | Lair:3   | Reached skill level 11 in Armour
 27045 | Lair:3   | theanonym: ??the alchemist
 27045 | Lair:3   | beem: alchemist[1/1]: See {alchemist card} or {hat of the alchemist}.
 27045 | Lair:3   | theanonym: ??the alchemist card
 27045 | Lair:3   | beem: I don't have a page labeled the_alchemist_card in my learndb.
 27045 | Lair:3   | theanonym: ?? alchemist card
 27045 | Lair:3   | beem: alchemist card[1/2]: Transmutes gold into hp/mp. Always restores some health, and sometimes restores some magic depending on card power. At power level 0/1/2 uses up to 99/198/297 gold. Clusters around the average, 49.5/99/148.5. Removed.
 27349 | Lair:3   | Received a gift from Yredelemnul
 28003 | Lair:4   | theanonym: ??shadow card
 28003 | Lair:4   | beem: shadow card[1/1]: Gives you the darkness status (reduced LOS). If card power >=1, increases your stealth (by 80, so quite significant) for a duration based on the power level. Pre 0.16: turns you invisible instead of giving you darkness.
 28009 | Lair:4   | Reached skill level 8 in Invocations
 28114 | Lair:4   | Found a hole to the Spider Nest.
 28859 | Lair:5   | Found a staircase to the Shoals.
 28901 | Lair:5   | HP: 46/101 [four-headed hydra (8)]
 29241 | Lair:5   | Learned a level 2 spell: Blink
 30177 | Lair:6   | Found a staircase to the Slime Pits.
 30367 | Lair:6   | Received a gift from Yredelemnul
 31055 | Lair:6   | HP: 14/101 [something/blast of flame (53)]
 31056 | Lair:6   | Killed from afar by a fire dragon

Vanquished Creatures
  An orc warlord (Orc:3)
  Harold (D:12)
  4 hydras
  Erica (D:13)
  An ogre mage (Volcano)
  2 centaur warriors
  2 death yaks (Lair:3)
  An orc high priest (Orc:3)
  3 unseen horrors
  5 hill giants
  2 orc knights
  A necromancer (D:13)
  A worldbinder (Abyss:1)
  A griffon (Lair:5)
  4 black mambas
  4 spiny frogs
  A frost giant skeleton (Abyss:1)
  Maurice (D:13)
  A cyclops (D:13)
  8 elephants
  3 fire drakes
  5 komodo dragons
  Grinder (D:3)
  2 two-headed ogres
  3 slime creatures (D:13)
  The ghost of Dissent the Cleaver, an average MiFi (D:4)
  A polar bear (Lair:2)
  3 blink frogs
  5 raiju (Abyss:1)
  3 trolls
  2 ravens (D:13)
  A tarantella (Lair:4)
  3 deep elf magi
  2 hungry ghosts
  A wyvern (D:9)
  8 hippogriffs
  14 humans (D:13)
  A wraith (D:11)
  29 yaks
  A hill giant skeleton (D:13)
  4 vampire mosquitoes (D:13)
  15 wolves
  A soldier ant (D:13)
  2 wargs
  5 water moccasins
  A mottled dragon (D:11)
  23 orc warriors
  4 ice beasts
  A black bear (Lair:2)
  7 porcupines
  A yellow wasp (D:11)
  2 necrophages
  A manticore zombie (D:13)
  3 sky beasts
  A phantom (D:4)
  12 ogres
  Sigmund (D:1)
  Duvessa (D:7)
  A big kobold (D:9)
  7 centaurs
  7 crocodiles
  19 giant frogs
  A komodo dragon skeleton (D:11)
  4 water moccasin zombies (Ossuary)
  2 eyes of draining
  2 wyvern skeletons
  8 killer bees (D:11)
  2 scorpions
  4 wights (D:14)
  A goliath beetle (D:7)
  Dowan (D:7)
  8 crimson imps
  10 jellies
  A centaur zombie (D:5)
  8 hounds
  A quasit (D:13)
  A gnoll shaman (D:6)
  A giant frog zombie (D:6)
  5 iguanas
  3 worker ants
  24 orc wizards
  25 orc priests
  15 sheep
  4 big kobold zombies
  Ijyb (D:2)
  Terence (D:2)
  2 mummies (Ossuary)
  7 gnolls
  34 green rats
  22 adders
  3 shadow imps
  3 worms (D:6)
  4 orc skeletons
  7 adder zombies
  7 giant geckos
  8 oozes
  171 orcs
  3 ball pythons
  A bat skeleton (D:5)
  5 giant cockroaches
  2 gnoll zombies (Ossuary)
  16 hobgoblins
  15 bats
  4 giant newts
  2 giant spores
  16 goblins
  4 hobgoblin zombies
  5 jackals
  20 kobolds
  A kobold skeleton (D:4)
  2 kobold zombies (Ossuary)
  7 orc zombies
  11 quokkas
  21 rats
  4 ballistomycetes
  A bush (D:8)
794 creatures vanquished.

Vanquished Creatures (collateral kills)
  Donald (Orc:2)
  3 vault guards (D:13)
  2 hydras
  A tengu warrior (D:13)
  2 death yaks (Lair:3)
  Nergalle (Lair:1)
  An orc knight (Orc:4)
  A wizard (D:13)
  2 ugly things (D:11)
  A necromancer (D:13)
  A cyclops (D:11)
  3 orc sorcerers
  2 elephants
  A black mamba (Lair:6)
  A manticore (Lair:5)
  A moth of wrath (D:6)
  Joseph (D:7)
  A centaur zombie (D:13)
  2 spiny frogs
  A yaktaur (D:13)
  4 trolls
  Sonja (D:13)
  A raiju (Abyss:1)
  5 blink frogs
  A basilisk (Lair:2)
  8 yaks
  8 wolves
  A hippogriff (D:6)
  Grum (D:13)
  A soldier ant (D:13)
  4 humans (D:13)
  2 hungry ghosts
  An ogre (Orc:3)
  A warg (Orc:2)
  Edmund (D:5)
  6 orc warriors
  A swamp drake (D:9)
  4 ice beasts
  2 water moccasins (Lair:3)
  2 sky beasts
  A centaur (D:11)
  A porcupine (Lair:6)
  2 crocodiles
  8 giant frogs
  A wyvern skeleton (D:8)
  2 scorpions
  6 killer bees
  5 orc priests
  2 jellies
  5 orc wizards
  2 hounds
  3 iguanas
  3 sheep
  A worker ant (D:13)
  A mummy (D:9)
  9 adders
  7 green rats
  A gnoll (D:8)
  A steam dragon skeleton (D:7)
  An adder skeleton (D:4)
  A giant gecko (D:5)
  49 orcs
  4 goblins
  4 hobgoblins
  A jackal (D:2)
  2 quokkas
  3 bats
  3 rats
  3 ballistomycetes
  5 fungi
  A plant (Lair:4)
222 creatures vanquished.

Vanquished Creatures (others)
  A hill giant (Volcano)
  A phantasmal warrior (Orc:4)
  A two-headed ogre (Volcano)
  4 flying skulls
  2 black mamba zombies
  2 wraiths
  A yak (Lair:6)
  An ice beast (D:11)
  A centaur (D:14)
  2 vampire mosquito zombies (D:13)
  A warg zombie (Orc:2)
  2 raiju zombies (Abyss:1)
  2 wights
  A troll zombie (Orc:4)
  3 wolf zombies
  A yellow wasp zombie (D:11)
  A centaur zombie (D:8)
  5 giant frog zombies
  2 human zombies (D:13)
  2 porcupine zombies
  4 killer bee zombies (D:11)
  An ogre zombie (D:4)
  2 hound zombies
  A worker ant zombie (D:5)
  5 adder zombies
  A sheep zombie (Lair:3)
  2 bat zombies (D:1)
  3 green rat zombies (Lair:6)
  A ball python zombie (D:2)
  A giant newt zombie (D:3)
  A giant spore (D:8)
  3 goblin zombies
  2 hobgoblin zombies
  A jackal skeleton (D:3)
  A jackal zombie (D:2)
  3 kobold zombies
  66 orc zombies
  3 quokka zombies
  A rat zombie (D:8)
  A fungus (D:8)
139 creatures vanquished.

Grand Total: 1155 creatures vanquished

Table legend:
 A = Turns spent in this place as a percentage of turns spent in the entire game.
 B = Non-inter-level travel turns spent in this place as a percentage of non-inter-level travel turns spent in the entire game.
 C = Inter-level travel turns spent in this place as a percentage of turns spent in this place.
 D = Turns resting spent in this place as a percentage of non-inter-level travel turns spent in this place.
 E = Turns spent auto-exploring this place as a percentage of non-inter-level travel turns spent in this place.
 F = Non-inter-level travel turns spent in this place divided by the number of levels of this place that you've seen.
                   A       B       C       D       E      F
               +-------+-------+-------+-------+-------+----------------------
         Total | 100.0 | 100.0 |   0.6 |   4.3 |  11.9 | 363.9
       Dungeon |  51.4 |  51.3 |   0.6 |   3.8 |  12.2 | 360.2
  Orcish Mines |  19.9 |  19.8 |   0.7 |   5.9 |  11.4 | 487.0
          Lair |  20.3 |  20.3 |   0.4 |   2.0 |  14.1 | 333.0
         Abyss |   2.8 |   2.8 |   0.0 |   5.8 |   1.1 | 274.0
       Ossuary |   3.4 |   3.4 |   0.0 |   9.5 |  12.5 | 337.0
       Volcano |   2.3 |   2.3 |   0.0 |  10.6 |   3.5 | 226.0
               +-------+-------+-------+-------+-------+----------------------
